 Dungeon Crawl Stone Soup version 0.16.1-51-g6203257 (webtiles) character file.

471 poirepourri the Archer (level 6, -4/41 HPs)
             Began as a High Elf Hunter on Aug 1, 2015.
             Slain by kae's ghost (10 damage)
             ... on level 4 of the Dungeon.
             The game lasted 00:16:45 (6261 turns).

poirepourri the Archer (High Elf Hunter)            Turns: 6261, Time: 00:16:45

Health: -4/41      AC:  5    Str: 11 (12) XL:     6   Next: 83%
Magic:  10/10      EV: 14    Int: 15      God:
Gold:   192        SH:  0    Dex: 17      Spells: 0 memorised, 5 levels left

rFire  . . .     SeeInvis .     b - +1 shortbow
rCold  . . .     Clarity  .     d - +1 leather armour
rNeg   . . .     SustAb   .     (no shield)
rPois  .         Gourm    .     (no helmet)
rElec  .         Spirit   .     (no cloak)
rCorr  .         Warding  .     (no gloves)
rMut   .         Stasis   .     l - +0 pair of boots
MR     .....                    (no amulet)
Stlth  ++........               (no ring)
                                (no ring)

@: not resistant to hostile enchantments, unstealthy
A: no striking features
a: no special abilities


You were on level 4 of the Dungeon.
You were not hungry.

You visited 1 branch of the dungeon, and saw 4 of its levels.

You collected 192 gold pieces.

Inventory:

Hand weapons
 a - a +0 short sword
 b - a +1 shortbow (weapon)
Armour
 d - a +1 leather armour (worn)
 l - a +0 pair of boots (worn)
Jewellery
 i - an uncursed ring of teleportation
 k - an uncursed ring of loudness
Scrolls
 e - 4 scrolls of identify
 g - 2 scrolls of remove curse
 h - a scroll of blinking {unknown}
Comestibles
 f - a meat ration
 j - 4 fruits
 m - a bread ration


   Skills:
 + Level 2.5 Fighting
 + Level 1.2 Short Blades
 * Level 8.8 Bows
 + Level 2.1 Armour
 + Level 4.1 Dodging
 + Level 1.3 Stealth


You had 5 spell levels left.
You didn't know any spells.

Dungeon Overview and Level Annotations

Branches:
Dungeon (4/15)
 Temple: D:4-7

Altars:

Annotations:
D:3 Vojta's ghost, average FoHu
D:4 kae's ghost, average DsGl


Message History

Press: ? - help, Shift-Dir - straight line, f/p - kae's ghost
Aim: kae's ghost You shoot an arrow.
The arrow barely misses kae's ghost.
The gnoll hits you from afar with a halberd!
Kae's ghost hits you but does no damage.
Firing (i - inventory):
c - 2 arrows (quivered)
Press: ? - help, Shift-Dir - straight line, f/p - kae's ghost
Aim: kae's ghost You shoot an arrow.
The arrow barely misses kae's ghost.
The gnoll hits you!
Kae's ghost screams, "Zot is a myth, the ORB is a fable, you'll soon be a tale!"
Kae's ghost hits you!
* * * LOW HITPOINT WARNING * * *
The gnoll misses you.
Firing (i - inventory):
c - an arrow (quivered)
Press: ? - help, Shift-Dir - straight line, f/p - kae's ghost
Aim: kae's ghost You shoot an arrow.
The arrow hits kae's ghost.
Kae's ghost is lightly damaged.
The gnoll closely misses you. Kae's ghost hits you!
You die...

. ... ....#
.(.# #gg# #
#(g## .##
#@##...#
#.W....#
###.#..?..#
#...#......
#.#.# .(...
#...# ####.
#.#.# #...#
#.#.# .


You could see kae's ghost and 3 gnolls.

Vanquished Creatures
  A phantom (D:4)
  An ogre (D:4)
  2 worker ants (D:4)
  5 adders
  9 gnolls
  A worm (D:2)
  3 giant geckos
  2 oozes
  4 orcs (D:3)
  12 bats
  2 giant cockroaches
  9 hobgoblins
  10 kobolds
  A ball python (D:2)
  3 giant newts
  8 goblins
  15 jackals
  5 quokkas
  7 rats
100 creatures vanquished.

Notes
Turn   | Place    | Note
--------------------------------------------------------------
     0 | D:1      | poirepourri, the High Elf Hunter, began the quest for the Orb.
     0 | D:1      | Reached XP level 1. HP: 14/14 MP: 2/2
    91 | D:1      | Reached XP level 2. HP: 19/19 MP: 3/3
   150 | D:1      | Reached skill level 6 in Bows
   842 | D:1      | Reached XP level 3. HP: 24/24 MP: 5/5
  2184 | D:2      | Reached XP level 4. HP: 29/29 MP: 7/7
  2194 | D:2      | Reached skill level 7 in Bows
  2319 | D:2      | Reached skill level 1 in Armour
  3559 | D:2      | Reached XP level 5. HP: 31/34 MP: 8/8
  4025 | D:3      | Noticed Vojta's ghost (average FoHu)
  5565 | D:4      | Noticed a phantom
  5607 | D:4      | HP: 1/35 [phantom (7)]
  5613 | D:4      | Killed a phantom
  5613 | D:4      | Reached skill level 8 in Bows
  5613 | D:4      | Reached XP level 6. HP: 2/41 MP: 10/10
  5927 | D:4      | Reached skill level 1 in Short Blades
  5957 | D:4      | HP: 2/41 [poisoned by a worker ant]
  6254 | D:4      | Noticed kae's ghost (average DsGl)
  6261 | D:4      | Slain by kae's ghost

Action                   |  1- 3 |  4- 6 || total
-------------------------+-------+-------++-------
Melee: Short sword       |    54 |   273 ||   327
 Fire: Shortbow          |    80 |   100 ||   180
  Use: Scroll            |     4 |     5 ||     9
       Potion            |     2 |     5 ||     7
 Stab: Invisible         |     1 |       ||     1
  Eat: Meat ration       |     1 |     1 ||     2
       Fruit             |       |     2 ||     2
       Bread ration      |       |     2 ||     2
